cohdb
Replays
Latest Replays
All Replays
Popular Replays
Top Player Replays
Match Explorer
How It Works
Community
CoH3 Stats
Reddit
Sign in to upload your games and track your stats! →
Sign in with Steam
Match 42003114
Unlisted
Match 42003114
Overview
Messages
Build Orders
End
Construct Infanterie Kompanie
Kettenkrad Recon Vehicle
Selects Breakthrough Battlegroup
Selects Assault Grenadiers
MG 42 Machine Gun Team
Grenadier Squad
Grenadier Squad
Grenadier Squad
Infanterie Officer Quarters
Selects Breakthrough
MG 42 Machine Gun Team
Selects Mechanized Assault Group
Mechanized Assault Group
Grenadier Squad
Selects Rapid Production
Construct Luftwaffe Kompanie
Support Elements
Medical Bunker
Marder III M Tank Destroyer
Marder III M Tank Destroyer
Repair Bunker
Wirbelwind Flakpanzer
Kettenkrad Recon Vehicle
ArmouredTopHat
Dullahan
0
0
Comments
sign in to comment!
No comments posted yet!